SA
PUT-IN-BAY BC @ CONNETQUOT CHIEFS
07/11/2022
 
TOP OF THE 1ST
Put-In-Bay BC batting - Pitching for Connetquot Chiefs : LHP Alejandro Ramos
Pitching: LHP Alejandro Ramos
Batting: LHB Héctor Gonzáles 0-0: Ball
1-0: Swinging Strike
1-1: DOUBLE (Line Drive, 3D)
Batting: RHB Manuel Sánchez 0-0: Swinging Strike
0-1: Swinging Strike
0-2: Strikes out swinging
Batting: RHB Preston Hernández 0-0: Foul Ball, location: 2F
0-1: Ball
1-1: Ball
2-1: Ball
3-1: Ground out 5-3 (Groundball, 5S)
Héctor Gonzáles to third
Batting: RHB Ed Adams 0-0: Called Strike
0-1: Swinging Strike
0-2: Foul Ball, location: 2F
0-2: Ball
1-2: Ball
2-2: Ball
3-2: Strikes out swinging
Top of the 1st over - 0 run(s), 1 hit(s), 0 error(s), 1 left on base; Put-In-Bay 0 - Connetquot 0
BOTTOM OF THE 1ST
Connetquot Chiefs batting - Pitching for Put-In-Bay BC : RHP Juan Montoya
Pitching: RHP Juan Montoya
Batting: RHB Juan Salinas 0-0: Called Strike
0-1: Ground out 1-3 (Groundball, 15)
Batting: RHB José Magana 0-0: Fly out, F3 (Popup, 4MS)
Batting: RHB Arturo Morales 0-0: SINGLE (Groundball, 56D) (infield hit)
Batting: RHB Miguel Rodríguez 0-0: Fielders Choice at 2nd, U4 (Groundball, 4M)
Bottom of the 1st over - 0 run(s), 1 hit(s), 0 error(s), 1 left on base; Put-In-Bay 0 - Connetquot 0
TOP OF THE 2ND
Put-In-Bay BC batting - Pitching for Connetquot Chiefs : LHP Alejandro Ramos
Batting: RHB Ken Little 0-0: Ball
1-0: Foul Ball, location: 2F
1-1: Called Strike
1-2: Foul Ball, location: 2F
1-2: Foul Ball, location: 2F
1-2: SINGLE (Line Drive, 6MD)
Batting: RHB Eddie Davis 0-0: Swinging Strike
0-1: Ball
1-1: Ball
2-1: Ball
3-1: SINGLE (Groundball, 6MD)
Ken Little to second
Runner from 2nd tries for 3rd, SAFE, throw made to third
Batting: RHB Ron Johnston 0-0: Swinging Strike
0-1: Grounds into double play, 4-6-3 (Groundball, 4)
Ken Little scores
Batting: SHB Dylan Carson 0-0: Ball
1-0: Foul Ball, location: 2F
1-1: Foul Ball, location: 2F
1-2: Ball
2-2: Strikes out looking
Top of the 2nd over - 1 run(s), 2 hit(s), 0 error(s), 0 left on base; Put-In-Bay 1 - Connetquot 0
BOTTOM OF THE 2ND
Connetquot Chiefs batting - Pitching for Put-In-Bay BC : RHP Juan Montoya
Batting: RHB Menno van de Vlugt 0-0: Ball
1-0: Called Strike
1-1: DOUBLE (Line Drive, 9LM)
Batting: RHB Mario Rivera 0-0: Ball
1-0: Called Strike
1-1: Swinging Strike
1-2: Ball
2-2: Ball
3-2: Strikes out swinging
Batting: RHB Emanuel Bree 0-0: DOUBLE (Line Drive, 5D)
Menno van de Vlugt scores
Batting: RHB John Burton 0-0: Ball
1-0: Ground out 3-1 (Groundball, 3)
Emanuel Bree to third
Batting: RHB Enrique Morales 0-0: Called Strike
0-1: Ball
1-1: Foul Ball, location: 2F
1-2: Foul Ball, location: 2F
1-2: Fly out, F7 (Popup, 5D)
Bottom of the 2nd over - 1 run(s), 2 hit(s), 0 error(s), 1 left on base; Put-In-Bay 1 - Connetquot 1
TOP OF THE 3RD
Put-In-Bay BC batting - Pitching for Connetquot Chiefs : LHP Alejandro Ramos
Batting: LHB Dale Miller 0-0: Ball
1-0: SINGLE (Groundball, 4MD)
Batting: LHB Héctor Gonzáles 0-0: Called Strike
0-1: Fielders Choice at 2nd, 1-6 (Groundball, 25)
Batting: RHB Manuel Sánchez 0-0: Hit by Pitch
Héctor Gonzáles to second
Batting: RHB Preston Hernández 0-0: Called Strike
0-1: Called Strike
0-2: Foul Ball, location: 2F
0-2: Ball
1-2: Fielders Choice at 3rd, U5 (Groundball, 5L)
Manuel Sánchez to second
Batting: RHB Ed Adams 0-0: Ball
1-0: Called Strike
1-1: Ball
2-1: Ball
3-1: Swinging Strike
3-2: Foul Ball, location: 2F
3-2: Strikes out swinging
Top of the 3rd over - 0 run(s), 1 hit(s), 0 error(s), 2 left on base; Put-In-Bay 1 - Connetquot 1
BOTTOM OF THE 3RD
Connetquot Chiefs batting - Pitching for Put-In-Bay BC : RHP Juan Montoya
Batting: RHB Juan Salinas 0-0: Ball
1-0: Ball
2-0: Called Strike
2-1: Fly out, F4 (Popup, 4MD)
Batting: RHB José Magana 0-0: Ball
1-0: Ball
2-0: Ball
3-0: Base on Balls
Batting: RHB Arturo Morales 0-0: Ball
1-0: Foul Ball, location: 2F
1-1: Ball
2-1: Foul Ball, location: 2F
2-2: Ball
3-2: Strikes out swinging
Batting: RHB Miguel Rodríguez 0-0: Swinging Strike
0-1: Ball
1-1: Called Strike
1-2: Foul Ball, location: 2F
1-2: Strikes out swinging
Bottom of the 3rd over - 0 run(s), 0 hit(s), 0 error(s), 1 left on base; Put-In-Bay 1 - Connetquot 1
TOP OF THE 4TH
Put-In-Bay BC batting - Pitching for Connetquot Chiefs : LHP Alejandro Ramos
Batting: RHB Ken Little 0-0: Ball
1-0: Foul Ball, location: 2F
1-1: Ground out 6-3 (Groundball, 6M)
Batting: RHB Eddie Davis 0-0: Ball
1-0: Called Strike
1-1: Called Strike
1-2: Strikes out swinging
Batting: RHB Ron Johnston 0-0: Ground out 4-3 (Groundball, 4)
Top of the 4th over - 0 run(s), 0 hit(s), 0 error(s), 0 left on base; Put-In-Bay 1 - Connetquot 1
BOTTOM OF THE 4TH
Connetquot Chiefs batting - Pitching for Put-In-Bay BC : RHP Juan Montoya
Batting: RHB Menno van de Vlugt 0-0: Ball
1-0: Called Strike
1-1: Called Strike
1-2: Strikes out swinging
Batting: RHB Mario Rivera 0-0: Foul Ball, location: 2F
0-1: Ground out 6-3 (Groundball, 6)
Batting: RHB Emanuel Bree 0-0: Swinging Strike
0-1: Ground out 4-3 (Groundball, 4M)
Bottom of the 4th over - 0 run(s), 0 hit(s), 0 error(s), 0 left on base; Put-In-Bay 1 - Connetquot 1
TOP OF THE 5TH
Put-In-Bay BC batting - Pitching for Connetquot Chiefs : LHP Alejandro Ramos
Batting: SHB Dylan Carson 0-0: Called Strike
0-1: Foul Ball, location: 2F
0-2: Ball
1-2: TRIPLE (Line Drive, 7LS)
Batting: LHB Dale Miller 0-0: Called Strike
0-1: Ball
1-1: Swinging Strike
1-2: Foul Ball, location: 2F
1-2: Strikes out swinging
Batting: LHB Héctor Gonzáles 0-0: Fly out, F9 (Flyball, 9M)
Runner from 3rd tags up, SCORES, no throw
Batting: RHB Manuel Sánchez 0-0: Ball
1-0: Foul Ball, location: 2F
1-1: Foul Ball, location: 2F
1-2: Ball
2-2: Strikes out swinging
Top of the 5th over - 1 run(s), 1 hit(s), 0 error(s), 0 left on base; Put-In-Bay 2 - Connetquot 1
BOTTOM OF THE 5TH
Connetquot Chiefs batting - Pitching for Put-In-Bay BC : RHP Juan Montoya
Batting: RHB John Burton 0-0: Called Strike
0-1: Ground out 6-3 (Groundball, 6)
Batting: RHB Enrique Morales 0-0: Called Strike
0-1: Foul Ball, location: 2F
0-2: Ball
1-2: Foul Ball, location: 2F
1-2: Strikes out swinging
Batting: RHB Juan Salinas 0-0: Ball
1-0: Ball
2-0: Called Strike
2-1: Foul Ball, location: 2F
2-2: Strikes out looking
Bottom of the 5th over - 0 run(s), 0 hit(s), 0 error(s), 0 left on base; Put-In-Bay 2 - Connetquot 1
TOP OF THE 6TH
Put-In-Bay BC batting - Pitching for Connetquot Chiefs : LHP Alejandro Ramos
Batting: RHB Preston Hernández 0-0: Foul Ball, location: 2F
0-1: SINGLE (Groundball, 6MD)
Batting: RHB Ed Adams 0-0: Ball
1-0: Grounds into double play, 6-4-3 (Groundball, 56)
Batting: RHB Ken Little 0-0: Ball
1-0: Fly out, F8 (Flyball, 8LM)
Top of the 6th over - 0 run(s), 1 hit(s), 0 error(s), 0 left on base; Put-In-Bay 2 - Connetquot 1
BOTTOM OF THE 6TH
Connetquot Chiefs batting - Pitching for Put-In-Bay BC : RHP Juan Montoya
Batting: RHB José Magana 0-0: Called Strike
0-1: Fly out, F8 (Line Drive, 8RM)
Batting: RHB Arturo Morales 0-0: Called Strike
0-1: Ball
1-1: Ball
2-1: Ball
3-1: Base on Balls
Batting: RHB Miguel Rodríguez 0-0: Called Strike
0-1: Ball
1-1: Called Strike
1-2: Ground out 4-3 (Groundball, 4M)
Arturo Morales to second
Batting: RHB Menno van de Vlugt 0-0: Called Strike
0-1: Foul Ball, location: 2F
0-2: Foul Ball, location: 2F
0-2: Ball
1-2: Strikes out swinging
Bottom of the 6th over - 0 run(s), 0 hit(s), 0 error(s), 1 left on base; Put-In-Bay 2 - Connetquot 1
TOP OF THE 7TH
Put-In-Bay BC batting - Pitching for Connetquot Chiefs : LHP Alejandro Ramos
Batting: RHB Eddie Davis 0-0: Ball
1-0: Foul Ball, location: 2F
1-1: Swinging Strike
1-2: Strikes out swinging
Batting: RHB Ron Johnston 0-0: Ball
1-0: Fly out, F9 (Flyball, 89M)
Batting: SHB Dylan Carson 0-0: Ground out 6-3 (Groundball, 6)
Top of the 7th over - 0 run(s), 0 hit(s), 0 error(s), 0 left on base; Put-In-Bay 2 - Connetquot 1
BOTTOM OF THE 7TH
Connetquot Chiefs batting - Pitching for Put-In-Bay BC : RHP Juan Montoya
Batting: RHB Mario Rivera 0-0: Ground out 6-3 (Groundball, 6)
Batting: RHB Emanuel Bree 0-0: Called Strike
0-1: Ground out 5-3 (Groundball, 56)
Batting: RHB John Burton 0-0: Foul Ball, location: 2F
0-1: Ball
1-1: Called Strike
1-2: Strikes out swinging
Bottom of the 7th over - 0 run(s), 0 hit(s), 0 error(s), 0 left on base; Put-In-Bay 2 - Connetquot 1
TOP OF THE 8TH
Put-In-Bay BC batting - Pitching for Connetquot Chiefs : LHP Alejandro Ramos
Batting: LHB Dale Miller 0-0: Foul Ball, location: 2F
0-1: Called Strike
0-2: Ball
1-2: Ball
2-2: Strikes out swinging
Batting: LHB Héctor Gonzáles 0-0: Ball
1-0: Ball
2-0: Ball
3-0: Called Strike
3-1: Base on Balls
Batting: RHB Manuel Sánchez 0-0: Fly out, F7 (Flyball, 78M)
Batting: RHB Preston Hernández 0-0: Ball
1-0: Fly out, F6 (Popup, 6)
Top of the 8th over - 0 run(s), 0 hit(s), 0 error(s), 1 left on base; Put-In-Bay 2 - Connetquot 1
BOTTOM OF THE 8TH
Connetquot Chiefs batting - Pitching for Put-In-Bay BC : RHP Juan Montoya
Batting: RHB Enrique Morales 0-0: Swinging Strike
0-1: Swinging Strike
0-2: Strikes out swinging
Batting: RHB Juan Salinas 0-0: Fly out, F2 (Popup, 2RF)
Batting: RHB José Magana 0-0: Ball
1-0: Called Strike
1-1: Foul Ball, location: 2F
1-2: Ground out 5-3 (Groundball, 5S)
Bottom of the 8th over - 0 run(s), 0 hit(s), 0 error(s), 0 left on base; Put-In-Bay 2 - Connetquot 1
TOP OF THE 9TH
Put-In-Bay BC batting - Pitching for Connetquot Chiefs : LHP Alejandro Ramos
Pitching: RHP Jim Unknown
Batting: RHB Ed Adams 0-0: Swinging Strike
0-1: Foul Ball, location: 2F
0-2: Ball
1-2: Ball
2-2: Strikes out swinging
Pitching: RHP Carlos Rosales
Batting: RHB Ken Little 0-0: Foul Ball, location: 2F
0-1: Foul Ball, location: 2F
0-2: Strikes out looking
Batting: RHB Eddie Davis 0-0: SINGLE (Line Drive, 56)
Pinch Hitting: LHB Jim Unknown 0-0: Called Strike
0-1: Swinging Strike
0-2: Ball
1-2: SINGLE (Flyball, 9LS)
Eddie Davis to second
Runner from 2nd tries for 3rd, SAFE, throw made to third
Pinch Hitting: RHB Jim Unknown 0-0: Fly out, F7 (Flyball, 78M)
Top of the 9th over - 0 run(s), 2 hit(s), 0 error(s), 2 left on base; Put-In-Bay 2 - Connetquot 1
BOTTOM OF THE 9TH
Connetquot Chiefs batting - Pitching for Put-In-Bay BC : RHP Juan Montoya
Pitching: RHP Vicente García
Now at 1B: Jorge Suárez
Now at 2B: Rocky Cantrell
Now at 3B: Álex Gutiérrez
Now in CF: Jim Unknown
Batting: RHB Arturo Morales 0-0: Ball
1-0: Ball
2-0: Foul Ball, location: 2F
2-1: Ground out 5-3 (Groundball, 56S)
Batting: RHB Miguel Rodríguez 0-0: SINGLE (Groundball, 56D)
Pinch Runner at 1st Rúbem Corvo:
Batting: RHB Menno van de Vlugt 0-0: Grounds into double play, 6-4-3 (Groundball, 6)
Bottom of the 9th over - 0 run(s), 1 hit(s), 0 error(s), 0 left on base; Put-In-Bay 2 - Connetquot 1
This league is powered by Out of the Park Baseball, the baseball management simulation game for PC, Mac and Linux
Friday, April 15th, 2016 - OOTP Baseball 16.9 Build 39